 Dungeon Crawl Stone Soup version 0.31.0-7-gf635a9b802 (webtiles) character file.

Game seed: 13196297809814347147

12 monsoonserge the Grasshopper (level 2, 0/23 HPs)
             Began as a Demonspawn Warper on Jan 23, 2024.
             Slain by a frilled lizard (1 damage)
             ... on level 1 of the Dungeon.
             The game lasted 00:01:31 (236 turns).

monsoonserge the Grasshopper (Demonspawn Warper)     Turns: 236, Time: 00:01:32

Health: 0/23       AC:  3    Str: 11    XL:     2   Next: 20%
Magic:  5/5        EV: 11    Int: 13    God:
Gold:   0          SH:  0    Dex: 12    Spells: 5/5 levels left

rFire   . . .        f - +2 spear (vamp)
rCold   . . .        (no shield)
rNeg    . . .        b - +0 leather armour
rPois   .            (no helmet)
rElec   .            (no cloak)
rCorr   .            (no gloves)
SInv    .            (no boots)
Will    .....        (no amulet)
Stlth   +            (no ring)
HPRegen 0.23/turn    (no ring)
MPRegen 0.09/turn

%: no passive effects
@: no status effects
A: claws 1
a: no special abilities


You were on level 1 of the Dungeon.
You visited 1 branch of the dungeon, and saw 1 of its levels.

Inventory:

Hand Weapons
 f - a +2 vampiric spear (weapon)
Missiles
 d - 7 darts of dispersal (quivered)
Armour
 b - a +0 leather armour (worn)
Scrolls
 a - a scroll of identify {unknown}
 c - a scroll of blinking
 e - a scroll of brand weapon {unknown}


   Skills:
 + Level 2.3 Fighting
 - Level 1.9 Maces & Flails
 * Level 0.2 Polearms
 + Level 0.8 Throwing
 + Level 0.8 Armour
 + Level 1.7 Dodging
 * Level 0.1 Unarmed Combat
 - Level 2.0 Spellcasting
 - Level 3.0 Translocations


You had 5 spell levels left.
You didn't know any spells.
Your spell library contained the following spells:

 Spells                   Type           Power      Damage    Failure   Level
 Blink                    Tloc           18%        N/A       14%         2
 Lesser Beckoning         Tloc           18%        N/A       14%         2
 Teleport Other           Tloc           9%         N/A       28%         3
 Manifold Assault         Tloc           9%         N/A       67%         4
 Vhi's Electric Charge    Tloc/Air       10%        N/A       87%         4


Dungeon Overview and Level Annotations

Branches:
Dungeon (1/15)

Altars:


Innate Abilities, Weirdness & Mutations

You have sharp fingernails.


Message History

The goblin hits you with a +0 dagger.
You closely miss the goblin. The quokka completely misses you.
The quokka bites you but does no damage.
The goblin closely misses you.
You closely miss the goblin. The quokka barely misses you.
The goblin hits you with a +0 dagger.
You hit the goblin.
You kill the goblin!
The quokka bites you. The giant cockroach barely misses you.
You hit the giant cockroach.
The giant cockroach is heavily wounded.
The quokka bites you.
The giant cockroach waves its antennae.
The giant cockroach bites you. The quokka bites you.
You barely miss the giant cockroach.
The giant cockroach is heavily wounded.
The giant cockroach bites you.
The frilled lizard bites you but does no damage.
The quokka closely misses you.
You hit the giant cockroach.
You feel better.
The giant cockroach is heavily wounded.
The giant cockroach barely misses you. The quokka closely misses you.
The frilled lizard barely misses you. The giant cockroach barely misses you.
You barely miss the giant cockroach.
The giant cockroach is heavily wounded.
The quokka barely misses you. The frilled lizard barely misses you.
The giant cockroach bites you. The quokka bites you.
* * * LOW HITPOINT WARNING * * *
You hit the giant cockroach.
You feel better.
You kill the giant cockroach!
The frilled lizard bites you.
* * * LOW HITPOINT WARNING * * *
The quokka barely misses you.
You closely miss the quokka. The frilled lizard bites you.
* * * LOW HITPOINT WARNING * * *
The quokka barely misses you. The frilled lizard misses you.
You closely miss the quokka. The quokka bites you.
* * * LOW HITPOINT WARNING * * *
The frilled lizard bites you.
You die...

#............>...
#####..###....... #..#
#....... #..# #.......
#..####..####
#####....##.. # #######
##..#..#..#
...#...l.######........##
.......)@........##.#####
..?....r............####.
...........####....†.....
...........# ###########
..$........# ...........#
..!.......## ...#.....##
##########


You could see a quokka and a frilled lizard.

Vanquished Creatures
  A ball python (D:1)
  2 giant cockroaches (D:1)
  2 goblins (D:1)
  2 hobgoblins (D:1)
  A quokka (D:1)
  A frilled lizard (D:1)
  A kobold (D:1)
10 creatures vanquished.

Notes
Turn   | Place    | Note
-------+----------+-------------------------------------------
     0 | D:1      | monsoonserge the Demonspawn Warper began the quest for the
                  | Orb.
     0 | D:1      | Reached XP level 1. HP: 16/16 MP: 3/3
   164 | D:1      | Gained mutation: You have sharp fingernails. [demonic
                  | ancestry]
   164 | D:1      | Reached XP level 2. HP: 23/23 MP: 5/5
   186 | D:1      | Reached skill level 3 in Translocations
   236 | D:1      | HP: 1/23 [quokka (2)]
   236 | D:1      | Slain by a frilled lizard

Illustrated notes

Levels and vault maps discovered:
D:1:      minmay_arrival_loop, layout_rooms

Skill      XL: |  1  2 |
---------------+-------+-----
Translocations | 3 |  3.0
Fighting       | |  2.3
Maces & Flails | |  1.9
Polearms       | |  0.2
Throwing       | |  0.8
Armour         | |  0.8
Dodging        | |  1.7
Unarmed Combat | |  0.1
Spellcasting   | |  2.0

Action                     || total
---------------------------++-------
  Melee: Mace              ||    16
         Spear             ||    17
 Armour: Leather armour    ||    25
  Dodge: Dodged            ||    27
